 Dungeon Crawl Stone Soup version 0.17.0-24-gcfadda4 (webtiles) character file.

114 HungrySpirit the Caller (level 4, -1/27 HPs)
             Began as a Gargoyle Summoner on Nov 17, 2015.
             Killed by divine providence
             ... invoked by an orc priest
              (11 damage)
             ... on level 3 of the Dungeon.
             The game lasted 00:04:06 (2831 turns).

HungrySpirit the Caller (Gargoyle Summoner)         Turns: 2831, Time: 00:04:06

Health: -1/27      AC: 11    Str: 12    XL:     4   Next: 97%
Magic:  7/7        EV:  5    Int: 16    God:
Gold:   55         SH:  0    Dex: 10    Spells: 1 memorised, 6 levels left

rFire  . . .     SeeInvis .     h - +0 whip
rCold  . . .     Clarity  .     g - +0 chain mail
rNeg   + . .     SustAt   .     (no shield)
rPois  ∞         Gourm    .     (no helmet)
rElec  +         Spirit   .     (no cloak)
rCorr  .         Warding  .     (no gloves)
rMut   .         Stasis   .     (no boots)
MR     .....                    (no amulet)
Stlth  ..........               (no ring)
                                (no ring)

@: not resistant to hostile enchantments, extremely unstealthy
A: negative energy resistance 1, electricity resistance, unbreathing,
petrification resistance, rot immunity, AC +3
a: no special abilities


You were on level 3 of the Dungeon.
You were not hungry.

You visited 1 branch of the dungeon, and saw 3 of its levels.

You collected 55 gold pieces.

Inventory:

Hand Weapons
 h - a +0 whip (weapon)
Armour
 g - a +0 chain mail (worn)
Jewellery
 k - an uncursed ring of protection from magic {unknown}
 m - a +1 ring of protection {unknown}
Scrolls
 a - 3 scrolls of fog {unknown}
 d - 3 scrolls of remove curse {unknown}
 e - a scroll of immolation {unknown}
 f - a scroll of identify {unknown}
Potions
 i - a potion of curing
Books
 b - a book of Callings

   Spells                             Type                      Level
   a - Summon Small Mammal            Summoning                    1
   b - Call Imp                       Summoning                    2
   c - Call Canine Familiar           Summoning                    3
   d - Summon Guardian Golem          Hexes/Summoning              3
   e - Summon Lightning Spire         Summoning/Air                4
   f - Summon Ice Beast               Ice/Summoning                4
Comestibles
 c - 2 bread rations
 j - 2 chunks of flesh
 l - 3 fruits
 n - a beef jerky
 o - a royal jelly


   Skills:
 + Level 2.6 Fighting
 * Level 3.4 Maces & Flails
 - Level 0.2 Armour
 - Level 1.5 Dodging
 - Level 2.1 Stealth
 - Level 2.0 Spellcasting
 - Level 3.6 Summonings


You had 6 spell levels left.
You knew the following spells:

 Your Spells              Type           Power        Failure   Level  Hunger
a - Summon Small Mammal   Summ           ##..         99%         1    #......


Dungeon Overview and Level Annotations

Branches:
Dungeon (3/15)

Altars:


Innate Abilities, Weirdness & Mutations

You are resistant to torment.
Your stone body is resilient (AC +3).
You are immune to poison.
You resist negative energy.
You are resistant to electric shocks.
You can survive without breathing.
You are immune to petrification.
You are immune to rotting.


Message History

You hit the orc priest but do no damage.
The orc priest hits you but does no damage.
You barely miss the orc priest. The orc priest hits you with a dagger.
You hit the orc priest.
The orc priest is lightly wounded.
The orc priest hits you with a dagger.
You barely miss the orc priest.
The orc priest is lightly wounded.
The orc priest barely misses you.
You barely miss the orc priest.
The orc priest is lightly wounded.
The orc priest invokes the aid of Beogh against you.
Pain shoots through your body!
* * * LOW HITPOINT WARNING * * *
The orc priest barely misses you.
Drink which item? (? for menu, Esc to quit)
It was a potion of curing.
You feel better.
The orc priest invokes the aid of Beogh against you.
Something smites you!
You die...

..# ....... #.#
#.####.......
#.#
#ooo.........
###.#.#####.#.#
...#.........#
#.####....#.#
#<..##.####.#
#...##......#
#.#.w@.######
#.#.#o##
#.#.#.# ....#.#
#.....# #######


You could see a worm and an orc priest.

Vanquished Creatures
  5 adders
  2 worms (D:2)
  7 giant geckos
  3 orcs (D:2)
  A giant cockroach (D:1)
  3 hobgoblins
  6 jackals
  11 kobolds
  A quokka (D:2)
  3 bats (D:2)
  4 giant newts (D:2)
  3 goblins
  6 rats
55 creatures vanquished.

Vanquished Creatures (collateral kills)
  A goblin (D:1)
  A hobgoblin (D:1)
2 creatures vanquished.

Grand Total: 57 creatures vanquished

Notes
Turn   | Place    | Note
--------------------------------------------------------------
     0 | D:1      | HungrySpirit the Gargoyle Summoner began the quest for the Orb.
     0 | D:1      | Reached XP level 1. HP: 10/10 MP: 3/3
   144 | D:1      | Reached skill level 1 in Fighting
   144 | D:1      | Reached XP level 2. HP: 4/16 MP: 5/5
   569 | D:1      | Reached skill level 1 in Maces & Flails
  1297 | D:1      | Reached XP level 3. HP: 17/20 MP: 6/6
  1844 | D:2      | Reached XP level 4. HP: 16/26 MP: 7/7
  2831 | D:3      | Killed from afar by an orc priest

Action                   |  1- 3 |  4- 6 || total
-------------------------+-------+-------++-------
Melee: Dagger            |    41 |       ||    41
       Unarmed           |     3 |       ||     3
       Whip              |   194 |   159 ||   353
 Cast: Summon Small Mamm |     3 |       ||     3
  Use: Potion            |       |     1 ||     1
  Eat: Chunk             |     3 |     4 ||     7
